 Dungeon Crawl Stone Soup version 0.28.0-45-g0d030f2227 (webtiles) character file.

Game seed: 15659687890912990826

71 GigaChad the Slasher (level 4, 0/41 HPs)
             Began as a Minotaur Chaos Knight on Apr 11, 2022.
             Was a Plaything of Xom.
             Constricted to death by a ball python (1 damage)
             ... on level 2 of the Dungeon on Apr 12, 2022.
             The game lasted 00:06:33 (1337 turns).

GigaChad the Slasher (Minotaur Chaos Knight)        Turns: 1337, Time: 00:06:33

Health: 0/41       AC:  5    Str: 17    XL:     4   Next: 5%
Magic:  3/3        EV:  8    Int:  9    God:    Xom [.*....]
Gold:   72         SH:  0    Dex: 11    Spells: 3/3 levels left

rFire   . . .      SeeInvis .   a - +0 falchion (chaos)
rCold   . . .      Faith    .   (no shield)
rNeg    . . .      Spirit   .   b - +2 leather armour
rPois   .          Reflect  .   (helmet restricted)
rElec   .          Harm     .   (no cloak)
rCorr   .          Rampage  .   (no gloves)
Will    .....                   (no boots)
Stlth   +.........              (no amulet)
HPRegen 0.13/turn               (no ring)
MPRegen 0.08/turn               (no ring)

@: constricted
A: horns 2, retaliatory headbutt
a: Renounce Religion


You were on level 2 of the Dungeon.
You worshipped Xom.
You were a plaything of Xom.
You visited 1 branch of the dungeon, and saw 2 of its levels.

You collected 72 gold pieces.

Inventory:

Hand Weapons
 a - a +0 falchion of chaos (weapon)
 i - a +0 falchion
 j - a +0 hunting sling
Missiles
 d - 18 bolts
 k - 17 sling bullets
Armour
 b - a +2 leather armour (worn)
Jewellery
 h - the dreamshard necklace {*Dream Drain}
   (You took it off a goblin on level 2 of the Dungeon)

   [amulet of nothing]

   It shatters if its wearer takes lethal or near-lethal damage, preventing the
   blow and releasing protective dreams that heal and fight for the wearer.
   Drain:     It drains your maximum health when unequipped.
 l - a ring of flight
Scrolls
 e - a scroll of magic mapping {unknown}
Potions
 c - a potion of curing {unknown}
 f - 2 potions of cancellation {unknown}
 g - 2 potions of might {unknown}


   Skills:
 + Level 4.5 Fighting
 + Level 4.7 Long Blades
 + Level 2.5 Armour
 + Level 1.8 Dodging
 + Level 0.4 Stealth


You had 3 spell levels left.
You didn't know any spells.
Your spell library contained the following spells:

 Spells                   Type           Power      Damage    Failure   Level
 Tukima's Dance           Hex            0%         N/A       82%         3
 Anguish                  Hex/Necr       0%         N/A       99%         4
 Enfeeble                 Hex            0%         N/A       100%        7


Dungeon Overview and Level Annotations

Branches:
Dungeon (2/15)

Altars:


Innate Abilities, Weirdness & Mutations

You have a pair of horns on your head.
You reflexively headbutt those who attack you in melee.


Message History

The ball python bites you but does no damage.
The ball python completely misses you. The goblin hits you but does no damage.
You hit the goblin but do no damage.
The goblin is poisoned.
The ball python bites you but does no damage.
The ball python closely misses you.
The ball python bites you but does no damage.
The ball python completely misses you. The goblin closely misses you.
You hit the goblin.
You kill the goblin!
The ball python bites you.
* * * LOW HITPOINT WARNING * * *
The ball python barely misses you.
You barely miss the goblin. Your punch misses the goblin.
The ball python bites you.
* * * LOW HITPOINT WARNING * * *
The ball python barely misses you.
You hit the goblin.
The goblin seems to speed up.
Xom thinks this is hilarious!
The goblin is moderately wounded.
The goblin hits you but does no damage. The ball python bites you.
* * * LOW HITPOINT WARNING * * *
The ball python closely misses you. The goblin hits you but does no damage.
You closely miss the goblin. Your headbutt misses the goblin.
The goblin is moderately wounded.
The ball python misses you. You furiously retaliate!
You headbutt the ball python, but do no damage.
The ball python misses you. The goblin hits you with a +0 club.
* * * LOW HITPOINT WARNING * * *
The ball python closely misses you. The ball python grabs you.
The ball python constricts you. The goblin hits you with a +0 club.
* * * LOW HITPOINT WARNING * * *
You hit the goblin but do no damage.
The goblin suddenly seems more agile.
The goblin is moderately wounded.
The goblin hits you but does no damage. The ball python barely misses you.
The ball python constricts you.
You hit the goblin. You burn the goblin.
You kill the goblin!
The ball python barely misses you. The ball python constricts you.
You die...
Xom chuckles heartily!

### ..## #..######
#>....... ##@)# #.S#.#
###############.#l#.#
#....#.#....#...##.#)#
.#..#...#..#....#
#.⌠.#
..............#.#
#)#.#
................# #.#.
.##........####..# #.#
..............##..# #.


You could see a ball python and a frilled lizard.

Vanquished Creatures
  An adder (D:2)
  A worm (D:2)
  2 dart slugs (D:2)
  3 ball pythons
  3 bats
  9 endoplasms
  A giant cockroach (D:1)
  3 hobgoblins (D:2)
  5 jackals (D:1)
  A quokka (D:1)
  A frilled lizard (D:2)
  9 goblins
  5 kobolds
  4 rats (D:1)
48 creatures vanquished.

Notes
Turn   | Place    | Note
-------+----------+-------------------------------------------
     0 | D:1      | GigaChad the Minotaur Chaos Knight began the quest for the
                  | Orb.
     0 | D:1      | Reached XP level 1. HP: 19/19 MP: 0/0
   135 | D:1      | XOM: potion effect (haste)
   164 | D:1      | Reached XP level 2. HP: 10/27 MP: 1/1
   529 | D:1      | XOM: silly message
   635 | D:1      | Reached XP level 3. HP: 21/33 MP: 2/2
   693 | D:1      | XOM: noise
  1285 | D:2      | XOM: swap monsters
  1297 | D:2      | Reached XP level 4. HP: 6/41 MP: 3/3
  1335 | D:2      | HP: 2/41 [goblin/+0 club (2)]
  1337 | D:2      | Constricted to death by a ball python

Illustrated notes

Levels and vault maps discovered:
D:1:      nagdon_arrival_double_spiral, layout_basic
D:2:      wad_river_or_something, layout_loops_cross,
          chequers_ecumenical_altar_grove, minmay_misc_feat_four_crosses,
          minmay_circle_x

Skill      XL: |  1  2 |
---------------+-------+-----
Fighting       | 4 |  4.5
Long Blades    | 4 |  4.7
Armour         | |  2.5
Dodging        | |  1.8
Stealth        | |  0.4

Action                   |  1- 3 |  4- 6 || total
-------------------------+-------+-------++-------
Melee: Falchion          |    98 |     9 ||   107
       Headbutt          |    10 |     1 ||    11
Armor: Leather armour    |    47 |     8 ||    55
Dodge: Dodged            |    89 |    17 ||   106
